 Dungeon Crawl Stone Soup version 0.23.2-30-g0e89c35649 (webtiles) character file.

Game seed: 11565997613295561065

60 Fury the Caller (level 4, 0/32 HPs)
             Began as a Merfolk Summoner on June 8, 2019.
             Succumbed to an adder's poison
             ... on level 2 of the Dungeon.
             The game lasted 00:20:12 (2897 turns).

Fury the Caller (Merfolk Summoner)                  Turns: 2897, Time: 00:20:12

Health: 0/32       AC:  2    Str:  8    XL:     4   Next: 6%
Magic:  5/7        EV: 13    Int: 15    God:
Gold:   121        SH:  0    Dex: 14    Spells: 2/8 levels left

rFire    . . .     SeeInvis .   b - +1 short sword (speed)
rCold    + + .     Gourm    .   (no shield)
rNeg     . . .     Faith    .   a - +0 robe
rPois    .         Spirit   .   (no helmet)
rElec    .         Reflect  .   (no cloak)
rCorr    .         Harm     .   (no gloves)
MR       .....                  (no boots)
Stlth    ++........             (no amulet)
HPRegen  0.10/turn              m - ring of protection from cold
MPRegen  0.10/turn              (no ring)

@: lethally poisoned (0 -> -13)
A: change form in water, swift swim, stealthy swim, cold resistance 1, screaming
1, wild magic 1
a: no special abilities


You were on level 2 of the Dungeon.
You were not hungry.

You visited 1 branch of the dungeon, and saw 2 of its levels.

You collected 121 gold pieces.

Inventory:

Hand Weapons
 b - a +1 short sword of speed (weapon)
 c - a +0 dagger
 d - a +0 club
 f - a +0 short sword
 h - a +0 club
 i - a +0 dagger
 n - a +0 short sword
 p - a +0 club
 s - a +0 hunting sling
 t - a +0 whip
 v - a +0 long sword
 w - a +0 hunting sling
 x - a +0 short sword
 y - a +0 club
 B - a +0 spear
 D - a +0 club
Missiles
 e - 103 stones (quivered)
 A - 26 bolts
Armour
 a - a +0 robe (worn)
 r - a +0 robe
 C - a +0 robe
Jewellery
 m - a ring of protection from cold (left hand)
Scrolls
 j - a scroll of teleportation {unknown}
 k - a scroll of fog {unknown}
 o - a scroll of identify {unknown}
Potions
 l - a potion of berserk rage {unknown}
 z - a potion of lignification {unknown}
Comestibles
 q - 2 rations
 u - 2 chunks of flesh


   Skills:
 + Level 1.0 Fighting
 + Level 0.9 Short Blades
 + Level 2.9 Dodging
 + Level 2.4 Stealth
 + Level 2.5 Spellcasting
 + Level 4.7 Summonings


You had 2 spell levels left.
You knew the following spells:

 Your Spells              Type           Power        Failure   Level  Hunger
a - Summon Small Mammal   Summ           ###.         5%          1    #......
b - Call Imp              Summ           ###.....     8%          2    ###....
c - Summon Guardian Gole  Hex/Summ       ##......     32%         3    ###....

Your spell library contained the following spells:

 Spells                   Type           Power        Failure   Level  Hunger
 Call Canine Familiar     Summ           ###.....     13%         3    ###....
 Summon Ice Beast         Ice/Summ       ##......     69%         4    #####..
 Summon Lightning Spire   Summ/Air       ##......     69%         4    #####..


Dungeon Overview and Level Annotations

Branches:
Dungeon (2/15)

Altars:


Innate Abilities, Weirdness & Mutations

You revert to your normal form in water You are very nimble and swift while swimming.
You are very stealthy in the water. (Stealth+)
Your flesh is cold resistant. (rC+)
You occasionally shout uncontrollably at your foes.
Your spells are a little harder to cast, but a little more powerful.


Message History

The adder bites you.
* * * LOW HITPOINT WARNING * * *
You are lethally poisoned!
The adder poisons you!
You miss the adder.
The adder is almost dead.
* * * LOW HITPOINT WARNING * * *
You feel sick.
Your crimson imp barely misses the adder.
The adder bites you.
* * * LOW HITPOINT WARNING * * *
You are more poisoned.
The adder poisons you!
* * * LOW HITPOINT WARNING * * *
You feel sick. The adder barely misses you.
Your crimson imp closely misses the adder.
It was a potion of mutation.
You feel extremely strange.
You feel the urge to shout.
You feel less in control of your magic.
You feel resistant to cold.
You die...

###.###.# #.# #
#.....# #.# ##
###.###.# #.#
.##
##...##.######.#
..###
................
....
##...##.######.#
..# ##.###.#
#.##.# ### #.#
#5S.# #.# ###@#
###.# #.# #...#
#.# #.### #.#
##.### #.# #.#
######..<... #.#
#.# #.........##
#.# #.#
#.#........ #.#
#.# #.#.#.....#
#####.#
#.###.#.#..#..#


You could see an adder and a friendly crimson imp.

Vanquished Creatures
  An ooze (D:1)
  2 leopard geckos (D:1)
  3 bats (D:1)
  3 giant cockroaches
  5 goblins
  3 hobgoblins (D:1)
  4 jackals
  A ball python (D:1)
  4 kobolds
  3 rats
29 creatures vanquished.

Vanquished Creatures (collateral kills)
  An adder (D:2)
  A dart slug (D:2)
  A leopard gecko (D:1)
  4 goblins
  A hobgoblin (D:2)
  8 jackals
  A kobold (D:2)
  3 frilled lizards
  2 rats (D:1)
22 creatures vanquished.

Grand Total: 51 creatures vanquished

Notes
Turn   | Place    | Note
-------+----------+-------------------------------------------
     0 | D:1      | Fury the Merfolk Summoner began the quest for the Orb.
     0 | D:1      | Reached XP level 1. HP: 13/13 MP: 3/3
   374 | D:1      | Reached XP level 2. HP: 18/19 MP: 0/5
   932 | D:1      | Reached XP level 3. HP: 19/24 MP: 4/6
  1760 | D:2      | Learned a level 2 spell: Call Imp
  1764 | D:2      | Learned a level 3 spell: Summon Guardian Golem
  2544 | D:2      | Reached skill level 1 in Fighting
  2544 | D:2      | Reached XP level 4. HP: 13/32 MP: 4/7
  2896 | D:2      | HP: 1/32 [poisoned by an adder]
  2897 | D:2      | Gained mutation: You occasionally shout uncontrollably at
                  | your foes. [potion of mutation]
  2897 | D:2      | Gained mutation: Your spells are a little harder to cast,
                  | but a little more powerful. [potion of mutation]
  2897 | D:2      | Gained mutation: Your flesh is cold resistant. (rC+)
                  | [potion of mutation]
  2897 | D:2      | Succumbed to an adder's poison

Skill      XL: |  1  2  3 |
---------------+----------+-----
Fighting       | 1 |  1.0
Short Blades   | |  0.9
Dodging        | |  2.9
Stealth        | |  2.4
Spellcasting   | |  2.5
Summonings     | |  4.7

Action                   |  1- 3 |  4- 6 || total
-------------------------+-------+-------++-------
Melee: Short sword       |   107 |    36 ||   143
 Cast: Summon Small Mamm |    43 |       ||    43
       Call Imp          |     4 |     3 ||     7
       Summon Guardian G |     2 |     2 ||     4
  Use: Potion            |       |     1 ||     1
 Stab: Distracted        |     1 |       ||     1
       Sleeping          |     1 |       ||     1
  Eat: Chunk             |     3 |     1 ||     4
       Ration            |     1 |       ||     1
Armor: Robe              |    16 |     4 ||    20
Dodge: Dodged            |    96 |    20 ||   116
